Map: Emerald City LE

Players

Massa - Winner!

  • Race: Terran Terran
  • League: Platinum
  • Spawn Location: 11:00

qqq - Winner!

  • Race: Protoss Protoss
  • League: Platinum
  • Spawn Location: 11:00

BrokenArrow

  • Race: Protoss Protoss
  • League: Diamond
  • Spawn Location: 5:00

PapaLegba

  • Race: Protoss Protoss
  • League: Platinum
  • Spawn Location: 5:00

VOD

Have the link to the VOD?

Description

Time

  • Played on: Sept. 27, 2020, 6:21 a.m.
  • Length: 9:19
Show
View Real Time Build Order
Export as new Build Order

Massa Terran - Winner!

Build Orders: Gas First Reaper Expand 

Get SALT Encoding   

  12  0:00  SCV  
  13  0:12  SCV  
  14  0:17  Supply Depot  
  14  0:24  SCV  
  15  0:30  Refinery  
  15  0:41  Barracks  
  15  0:45  SCV  
  16  0:57  SCV  
  17  1:17  SCV  
  18  1:28  Reaper  
  18  1:31  Orbital Command  
  19  1:44  Command Center  
  19  2:07  Reaper  
  20  2:10  SCV  
  22  2:22  SCV  
  22  2:24  Factory  
  22  2:30  Supply Depot  
  22  2:39  Reaper  
  22  3:21  SCV x2  
  22  3:24  Reaper  
  25  3:33  SCV x2  
  27  3:45  SCV  
  28  3:54  Factory Tech Lab  
  28  3:56  Reaper  
  28  4:01  Starport  
  29  4:05  Orbital Command  
  29  4:07  SCV  
  29  4:18  Command Center  
  29  4:19  SCV  
  30  4:29  Reaper  
  30  4:31  SCV  
  32  4:43  SCV  
  32  4:44  Barracks  
  32  4:45  Barracks  
  33  4:47  SCV  
  33  4:48  Barracks  
  33  4:52  Starport Tech Lab  
  34  4:53  Refinery  
  34  4:55  SCV  
  34  4:59  SCV  
  36  5:01  Reaper  
  37  5:28  Siege Tank  
  37  5:33  Marine  
  37  5:35  Marine x3  
  43  5:42  Refinery  
  44  5:44  Orbital Command  
  44  5:47  SCV x2  
  46  5:51  Marine  
  47  5:59  SCV x2  
  48  6:11  SCV x2  
  50  6:19  Barracks Reactor, Barracks Tech Lab  
  50  6:20  Barracks Tech Lab  
  50  6:21  Marine  
  50  6:23  SCV x2  
  50  6:25  SCV  
  54  6:35  SCV x2, Engineering Bay  
  54  6:36  Refinery  
  54  6:37  SCV, Armory  
  54  6:39  Marine  
  58  6:41  Engineering Bay  
  58  6:47  SCV  
  58  6:48  SCV  
  60  6:57  Marine  
  60  7:01  Terran Infantry Weapons Level 1  
  61  7:07  Missile Turret  
  61  7:09  Missile Turret  
  61  7:13  Missile Turret  
  61  7:22  Missile Turret  
  61  7:27  Refinery  
  61  7:28  Missile Turret  
  61  7:29  Refinery  
  61  7:31  Missile Turret  
  61  7:33  Missile Turret, Supply Depot  
  61  7:35  Supply Depot  
  61  7:37  Supply Depot  
  61  7:38  Supply Depot  
  61  7:41  Missile Turret  
  61  7:44  SCV  
  61  7:45  SCV  
  61  7:53  Missile Turret  
  61  7:55  SCV, Marauder x2, Marine x3  
  61  7:56  Banshee  
  72  7:59  Supply Depot  
  72  8:02  Missile Turret  
  72  8:11  Missile Turret  
  72  8:12  Marine x3  
  72  8:17  Marauder x2, Siege Tank  
  82  8:22  Missile Turret  
  78  8:30  Marine x3  
  79  8:38  Marauder x2  
  86  8:46  SCV x2  
  86  8:47  SCV  
  86  8:48  Marine x3  
  90  8:58  SCV  
  90  8:59  SCV x2  
Show
View Real Time Build Order
Export as new Build Order

qqq Protoss - Winner!

Build Orders: Cannon Rush 

Get SALT Encoding   

  12  0:00  Probe  
  13  0:12  Probe  
  14  0:21  Pylon  
  14  0:25  Probe  
  15  0:39  Probe  
  15  0:42  Forge  
  16  0:54  Pylon  
  16  0:55  Probe  
  17  1:19  Photon Cannon  
  17  1:21  Pylon  
  17  1:24  Pylon  
  17  1:42  Photon Cannon  
  17  1:49  Photon Cannon  
  17  1:54  Pylon  
  17  2:08  Photon Cannon  
  17  2:17  Photon Cannon  
  17  2:27  Photon Cannon  
  17  2:46  Photon Cannon  
  17  2:49  Photon Cannon  
  17  3:01  Probe  
  18  3:08  Gateway  
  18  3:14  Probe  
  18  3:15  Pylon  
  19  3:26  Photon Cannon  
  20  3:34  Probe  
  20  3:46  Probe  
  21  3:52  Assimilator  
  21  3:55  Assimilator  
  21  3:58  Probe  
  22  4:10  Probe  
  22  4:13  Cybernetics Core  
  23  4:22  Probe  
  24  4:27  Pylon  
  24  4:32  Pylon  
  24  4:34  Probe  
  24  4:35  Pylon  
  25  4:46  Probe  
  25  4:52  Pylon  
  26  4:58  Shield Battery  
  26  5:01  Photon Cannon  
  26  5:15  Probe  
  27  5:28  Nexus  
  27  5:36  Shield Battery  
  27  5:46  Probe  
  28  5:58  Probe  
  28  5:59  Stargate  
  29  6:10  Probe  
  30  6:22  Probe  
  31  6:27  Stargate  
  31  6:34  Probe  
  32  6:42  Photon Cannon  
  32  6:45  Shield Battery  
  32  6:46  Probe  
  33  6:49  Phoenix (Chrono Boost)  
  33  6:52  Probe  
  36  6:58  Probe  
  37  7:04  Probe  
  37  7:08  Phoenix (Chrono Boost)  
  38  7:10  Probe  
  41  7:19  Robotics Facility  
  41  7:21  Phoenix  
  43  7:25  Probe x2  
  45  7:35  Phoenix  
  47  7:37  Probe x2  
  49  7:49  Probe  
  50  7:54  Phoenix  
  50  7:58  Probe  
  53  8:00  Phoenix  
  53  8:01  Assimilator  
  53  8:02  Probe  
  56  8:06  Assimilator  
  56  8:10  Probe  
  57  8:13  Photon Cannon  
  57  8:14  Probe  
  58  8:25  Pylon  
  58  8:27  Pylon  
  58  8:28  Pylon  
  62  8:57  Shield Battery  
  62  8:59  Photon Cannon  
  66  9:14  Photon Cannon, Shield Battery  
Show
View Real Time Build Order
Export as new Build Order

BrokenArrow Protoss 

Build Orders:  

Get SALT Encoding   

  12  0:00  Probe  
  13  0:14  Pylon  
  13  0:19  Probe (Chrono Boost)  
  14  0:27  Probe (Chrono Boost)  
  15  0:33  Probe  
  16  0:39  Gateway  
  16  0:45  Probe  
  17  0:59  Forge  
  17  1:00  Probe  
  18  1:12  Probe (Chrono Boost)  
  19  1:20  Assimilator  
  19  1:22  Probe (Chrono Boost)  
  19  1:23  Assimilator  
  20  1:27  Cybernetics Core  
  20  1:38  Photon Cannon  
  20  1:43  Pylon  
  20  1:52  Probe  
  21  2:04  Probe  
  22  2:15  Photon Cannon  
  22  2:16  Probe  
  23  2:24  Twilight Council  
  23  2:40  Robotics Facility  
  23  2:42  Shield Battery  
  23  2:50  Stalker (Chrono Boost)  
  23  2:53  Pylon  
  23  3:07  Photon Cannon  
  23  3:25  Immortal (Chrono Boost)  
  27  3:35  Nexus  
  27  3:38  Probe, Assimilator  
  28  3:45  Shield Battery  
  28  3:50  Probe  
  29  3:57  Pylon  
  29  4:02  Probe  
  30  4:10  Immortal (Chrono Boost)  
  34  4:46  Dark Shrine  
  34  4:47  Probe (Chrono Boost)  
  35  4:57  Probe (Chrono Boost)  
  36  5:02  Probe (Chrono Boost)  
  37  5:14  Immortal  
  41  5:20  Photon Cannon  
  41  5:25  Shield Battery  
  41  5:36  Shield Battery  
  41  5:39  Pylon  
  41  5:40  Probe (Chrono Boost)  
  43  5:51  Probe (Chrono Boost)  
  43  5:56  Probe (Chrono Boost)  
  43  6:00  Photon Cannon  
  38  6:15  Dark Templar (Chrono Boost)  
  40  6:20  Immortal (Chrono Boost)  
  40  6:21  Warp Gate  
  44  6:26  Probe  
  44  6:31  Gateway  
  45  6:34  Gateway  
  45  6:35  Gateway  
  45  6:38  Probe  
  45  6:39  Pylon  
  46  6:56  Immortal (Chrono Boost)  
  46  7:01  Shield Battery  
  50  7:04  Pylon  
  50  7:07  Probe  
  51  7:13  Assimilator  
  51  7:19  Probe  
  51  7:22  Dark Templar (Chrono Boost)  
  56  7:28  Dark Templar x2 (Chrono Boost)  
  58  7:31  Probe  
  59  7:43  Probe  
  60  7:55  Probe (Chrono Boost)  
  60  7:57  Dark Templar  
  63  8:00  Dark Templar x2  
  68  8:06  Photon Cannon  
  68  8:07  Probe (Chrono Boost), Photon Cannon  
  68  8:10  Pylon  
  68  8:11  Probe (Chrono Boost)  
  69  8:26  Immortal (Chrono Boost)  
  61  8:52  Probe  
  61  8:53  Dark Templar  
  61  8:54  Dark Templar x2  
  60  9:04  Probe (Chrono Boost)  
Show
View Real Time Build Order
Export as new Build Order

PapaLegba Protoss 

Build Orders: 1 Gate Expand 

Get SALT Encoding   

  12  0:00  Probe (Chrono Boost)  
  13  0:10  Probe (Chrono Boost)  
  14  0:18  Pylon  
  14  0:27  Probe  
  15  0:37  Gateway  
  15  0:40  Probe  
  16  0:57  Assimilator  
  16  1:20  Nexus  
  15  1:35  Forge  
  15  1:53  Cybernetics Core  
  15  2:08  Photon Cannon  
  15  2:12  Photon Cannon  
  12  2:25  Photon Cannon  
  12  2:27  Pylon  
  12  2:46  Pylon  
Tags
 
Add a new tag
Caveats
  • Supply blocks, unpowered buildings, or Contaminate may cause inaccurate times.
  • Supply counts are checked every 10 seconds.